Construct Weapon Support Center
Mechanized Support Center
Improved M9 Bazooka Rockets
M3 75 mm Gun Motor Carriage
M3 75 mm Gun Motor Carriage
Construct Medical Station
Selects Special Operations Battlegroup
Selects Special Operations Battlegroup
Selects M29 Weasel with M1 Pack Howitzer
M3 75 mm Gun Motor Carriage
Selects P-47 Anti-Infantry Loiter
M3 75 mm Gun Motor Carriage
P-47 Anti-Infantry Loiter
P-47 Anti-Infantry Loiter
M3 75 mm Gun Motor Carriage
M3 75 mm Gun Motor Carriage
M3 75 mm Gun Motor Carriage
M3 75 mm Gun Motor Carriage
P-47 Anti-Infantry Loiter
P-47 Anti-Infantry Loiter
Selects M4A1 Sherman Whizbang
Designate Forward Repair Station
Selects SSF Commando Squad
Selects Air Re-supply Operation
P-47 Anti-Infantry Loiter